 Dungeon Crawl Stone Soup version 0.29.1-15-g9cfb28693d (webtiles) character file.

Game seed: 18208051302376087169

55 Barneous the Poker (level 3, -1/24 HPs)
             Began as a Demonspawn Wanderer on Mar 6, 2023.
             Slain by Crazy Yiuf
             ... wielding a +2 quarterstaff of chaos
              (4 damage)
             ... on level 2 of the Dungeon.
             The game lasted 00:05:52 (2188 turns).

Barneous the Poker (Demonspawn Wanderer)            Turns: 2188, Time: 00:05:52

Health: -1/24      AC:  5    Str: 14    XL:     3   Next: 67%
Magic:  5/5        EV: 12    Int: 11    God:
Gold:   47         SH:  5    Dex: 14    Spells: 4/5 levels left

rFire   . . .      SeeInvis .   a - +3 spear
rCold   . . .      Faith    .   (no shield)
rNeg    . . .      Spirit   .   d - +0 leather armour
rPois   .          Reflect  +   (no helmet)
rElec   .          Harm     .   (no cloak)
rCorr   .          Rampage  .   b - +1 pair of gloves
Will    .....                   (no boots)
Stlth   +.........              f - amulet of reflection
HPRegen 0.08/turn               (no ring)
MPRegen 0.09/turn               (no ring)

@: no status effects
A: demonic magic 1
a: no special abilities


You were on level 2 of the Dungeon.
You visited 1 branch of the dungeon, and saw 2 of its levels.

You collected 47 gold pieces.

Inventory:

Hand Weapons
 a - a +3 spear (weapon)
 g - a +1 short sword of flaming
Armour
 b - a +1 pair of gloves (worn)
 d - a +0 leather armour (worn)
Jewellery
 f - an amulet of reflection (around neck)
Scrolls
 c - 3 scrolls of fear
 e - a scroll of magic mapping


   Skills:
 + Level 3.0 Polearms
 + Level 1.5 Armour
 + Level 3.0 Dodging
 + Level 1.0 Stealth
 + Level 1.5 Spellcasting
 + Level 2.8 Necromancy


You had 4 spell levels left.
You knew the following spells:

 Your Spells              Type           Power      Damage    Failure   Level
a - Necrotise             Necr           28%        1d5       12%         1

Your spell library contained the following spells:

 Spells                   Type           Power      Damage    Failure   Level
 Vampiric Draining        Necr           7%         2d6       34%         3


Dungeon Overview and Level Annotations

Branches:
Dungeon (2/15)

Altars:

Annotations:
D:2 Crazy Yiuf


Innate Abilities, Weirdness & Mutations

Spells you cast may paralyse adjacent enemies.


Message History

You hit the kobold.
The kobold is severely wounded.
The kobold barely misses you.
You hit the kobold.
You kill the kobold!
No target in view!
No target in view!
Magic restored.
f - an amulet of reflection You start putting on your amulet.
You continue putting on your amulet of reflection. x5
You finish putting on your amulet of reflection.
You feel a shielding aura gather around you.
f - an amulet of reflection (around neck)
Things that are here:
a +0 short sword; a kobold corpse
There is a stone staircase leading down here.
Crazy Yiuf shouts!
You open the door.
Crazy Yiuf cries, "You leg down broken song, no?"
You hit Crazy Yiuf.
Crazy Yiuf is moderately wounded.
You block Crazy Yiuf's attack.
You hit Crazy Yiuf.
Crazy Yiuf is heavily wounded.
Crazy Yiuf says, "Shower dark agre!"
Crazy Yiuf closely misses you.
You hit Crazy Yiuf.
Crazy Yiuf is severely wounded.
Crazy Yiuf hits you with a +2 quarterstaff of chaos!
You barely miss Crazy Yiuf.
Crazy Yiuf is severely wounded.
Crazy Yiuf flaps his cloak.
Crazy Yiuf hits you with a +2 quarterstaff of chaos!
Crazy Yiuf freezes you.
* * * LOW HITPOINT WARNING * * *
You hit Crazy Yiuf.
Crazy Yiuf is almost dead.
Crazy Yiuf hits you with a +2 quarterstaff of chaos.
You die...

.#####.......####.#.##.#####...##
.##).........##........# #...#
###.####.######.######## #...#
###.####.# ### #...# .........#
#...# ###...##.# ##########...##
#...#..# ### ###.#..#.#......#
#......# #...##..#.......##.#.#
##.##### #...g@####.........#..
#.##### #)..### ##.#........)
#.....# ### ####........ #######
#........ ##....##.
#########....##. #.##.......#.##.
#......##.....>. ####.#.##......#


You could see Crazy Yiuf.

Vanquished Creatures
  2 adders (D:2)
  3 worms (D:2)
  A dart slug (D:2)
  3 endoplasms
  A giant cockroach (D:2)
  5 goblins
  A hobgoblin (D:1)
  2 quokkas
  3 ball pythons
  3 kobolds (D:2)
  4 rats
28 creatures vanquished.

Vanquished Creatures (collateral kills)
  A frilled lizard (D:2)
1 creature vanquished.

Grand Total: 29 creatures vanquished

Notes
Turn   | Place    | Note
-------+----------+-------------------------------------------
     0 | D:1      | Barneous the Demonspawn Wanderer began the quest for the
                  | Orb.
     0 | D:1      | Barneous set off with the following items: a +2 spear, a +0
                  | pair of gloves, a scroll of fear, a +0 leather armour; and
                  | the following spell memorised: Necrotise; and the following
                  | spells available to memorise: Vampiric Draining.
     0 | D:1      | Reached XP level 1. HP: 13/13 MP: 2/2
     6 | D:1      | Noticed a swamp worm
     6 | D:1      | Noticed a wolf
     7 | D:1      | Noticed a polar bear
   231 | D:1      | Gained mutation: Spells you cast may paralyse adjacent
                  | enemies. [demonic ancestry]
   231 | D:1      | Reached XP level 2. HP: 19/19 MP: 0/3
   313 | D:1      | Found a faded altar of an unknown god.
   849 | D:2      | Reached XP level 3. HP: 14/24 MP: 0/5
  1429 | D:2      | Reached skill level 1 in Stealth
  2066 | D:2      | Found a runed translucent door.
  2067 | D:2      | Noticed Crazy Yiuf
  2188 | D:2      | Slain by Crazy Yiuf

Illustrated notes

Levels and vault maps discovered:
D:1:      onia_arrival_zoo_common, layout_rooms,
          dreamdust_ecumenical_altar_angels_and_demons, glass_columns_a,
          minmay_misc_feat_alley
D:2:      layout_loops_cross, uniq_crazy_yiuf_cottage

Skill      XL: |  1  2  3 |
---------------+----------+-----
Polearms       | 3 |  3.0
Stealth        | 1 |  1.0
Dodging        | 3 |  3.0
Armour         | |  1.5
Spellcasting   | |  1.5
Necromancy     | |  2.8

Action                   || total
-------------------------++-------
Melee: Spear             ||    62
 Cast: Necrotise         ||    32
  Use: Scroll            ||     8
 Stab: Sleeping          ||     1
Armor: Leather armour    ||    15
Dodge: Dodged            ||    19
Block: Other             ||     1
